 Dungeon Crawl Stone Soup version 0.32-a0-422-g28b100f618 (webtiles) character file.

Game seed: 15466597761776628469

25 Bravepunisher the Changeling (level 2, -11/14 HPs)
             Began as a Spriggan Shapeshifter on Feb 21, 2024.
             Killed by divine providence
             ... invoked by an orc priest
              (13 damage)
             ... on level 6 of the Dungeon.
             The game lasted 00:03:04 (998 turns).

Bravepunisher the Changeling (Spriggan Shapeshifter) Turns: 998, Time: 00:03:04

Health: -11/14     AC:  2    Str: 10    XL:     2   Next: 82%
Magic:  3/3        EV: 17    Int: 11    God:
Gold:   72         SH:  0    Dex: 14    Spells: 1/1 levels left

rFire   . .          .
                       - Unarmed
rCold   . . .        (no shield)
rNeg    . . .        a - +0 animal skin
rPois   .            (helmet currently unavailable)
rElec   .            (cloak currently unavailable)
rCorr   .            (gloves unavailable)
SInv    +            (boots unavailable)
Will    .....        (no amulet)
Stlth   +            (no ring)
HPRegen 0.22/turn    (no ring)
MPRegen 0.08/turn

%: no passive effects
@: beast-form, very quick
A: beast (slay +2), very small, no large weapons, unfitting armour, see
invisible, speed 3
a: Begin Untransformation, Convert to Beogh


You were on level 6 of the Dungeon.
You were a hulking beast.
You visited 1 branch of the dungeon, and saw 6 of its levels.

You collected 72 gold pieces.

Inventory:

Armour
 a - a +0 animal skin (worn)
Talismans
 c - a beast talisman (active)
 d - a flux talisman
Scrolls
 e - a scroll of identify {unknown}
 f - a scroll of fear {unknown}
Potions
 b - 2 potions of lignification
 g - a potion of brilliance {unknown}
 h - a potion of berserk rage {unknown}


   Skills:
 + Level 1.2 Fighting
 + Level 3.2 Dodging
 - Level 2.4 Unarmed Combat
 * Level 4.6 Shapeshifting


You had one spell level left.
You didn't know any spells.
Your spell library was empty.

Dungeon Overview and Level Annotations

Branches:
Dungeon (6/15)
 Temple: D:4-7

Altars:

Shops:
D:4 [

Annotations:
D:4 1 runed translucent door, Edmund; dogverified's ghost, novice TrBe
D:5 Menkaure; Pikel


Innate Abilities, Weirdness & Mutations

You are a hulking beast.
Your limbs bulge with bestial killing power. (Slay +2)
You are very small and have problems with some larger weapons.
You are too small for most types of armour.
You have supernaturally acute eyesight. (SInv)
You cover ground extremely quickly. (Speed+++)


Message History

A bullfrog comes into view.
Found a There-And-Back Book.
A shadow imp comes into view.
The shadow imp shouts, "Remove thy stench, thou unhinged knotty-pated nano-nebbish!"
The bullfrog gives a loud, deep croak!
The bullfrog hits you. The bullfrog attacks as it pursues you!
The bullfrog misses you. The bullfrog attacks as it pursues you!
The bullfrog completely misses you. The bullfrog attacks as it pursues you!
The bullfrog closely misses you. The bullfrog closely misses you.
You open the door.
Found 17 gold pieces.
There is an open door here.
The bullfrog attacks as it pursues you! The bullfrog barely misses you.
You open the door. 2 kobolds come into view.
The bullfrog hits you.
A kobold brigand comes into view.
It is wielding a +0 short sword and quivering poisoned darts.
The kobold shouts! x2; You hear a shout!
The bullfrog attacks as it pursues you! The bullfrog closely misses you.
The kobold hits you with a +0 short sword.
* * * LOW HITPOINT WARNING * * *
The kobold hits you with a +0 short sword.
* * * LOW HITPOINT WARNING * * *
There is an open door, spattered with blood here.
The kobold brigand shouts!
You open the door.
There is an open door here.
You open the door.
A kobold comes into view. It is wielding a +0 short sword.
The kobold shouts!
The bullfrog barely misses you. The bullfrog misses you.
The kobold barely misses you. The bullfrog hits you.
* * * LOW HITPOINT WARNING * * *
There is an open door here.
The kobold barely misses you.
The orc priest calls down the wrath of Beogh upon you.
Beogh smites you!
Ouch! That really hurt!
You die...

######+#####
#..........#
#..........#
#..........####
+..........#..
#..........#.#
#####..........#h##
...5'..........'..#
...##.........o#K.#
...##..........#..##
...##...$......#K..####
...#############.#....#
#..... #F####.##
#...... ###K####..#
#.......
#..K..K.#.#####


You could see a kobold brigand, a bullfrog, an orc priest and 2 kobolds.

Vanquished Creatures
  A giant cockroach (D:1)
  2 goblins
  2 hobgoblins (D:1)
  A quokka (D:1)
  3 ball pythons (D:1)
  3 frilled lizards (D:1)
  2 rats (D:1)
14 creatures vanquished.

Notes
Turn   | Place    | Note
-------+----------+-------------------------------------------
     0 | D:1      | Bravepunisher the Spriggan Shapeshifter began the quest for
                  | the Orb.
     0 | D:1      | Reached XP level 1. HP: 9/9 MP: 2/2
   148 | D:1      | Reached skill level 1 in Fighting
   154 | D:1      | Reached XP level 2. HP: 9/14 MP: 3/3
   600 | D:5      | Entered Level 5 of the Dungeon
   665 | D:5      | Noticed a bombardier beetle
   670 | D:4      | Found a transporter.
   672 | D:4      | Found Cibbetwo's Antique Armour Shoppe.
   674 | D:4      | Found a transporter.
   686 | D:4      | Found a runed translucent door.
   688 | D:4      | Noticed dogverified's ghost (novice TrBe)
   729 | D:4      | Noticed Edmund
   757 | D:5      | Noticed Menkaure
   789 | D:5      | Noticed a bombardier beetle
   803 | D:5      | Noticed Pikel
   803 | D:5      | Noticed a lemure
   803 | D:5      | Noticed a lemure
   805 | D:5      | Noticed a lemure
   809 | D:5      | Noticed a phantom
   809 | D:5      | Noticed a lemure
   937 | D:6      | Noticed a bullfrog
   970 | D:6      | Noticed a kobold brigand
   998 | D:6      | Killed from afar by an orc priest

Illustrated notes

Levels and vault maps discovered:
D:1:      minmay_arrival_pointy, layout_basic, chequers_serial_rivers_micro_a,
          corexii_leaking_fountain, supply_closet_lemuel
D:2:      layout_basic, hellmonk_ecumenical_altar_arch_garden
D:3:      layout_loops_cross, hangedman_abyss_or_decor_lesser_grid
D:4:      layout_loops_ring, serial_shops, nicolae_shop_drivethru,
          gammafunk_ghost_grave, uniq_edmund, uniq_duvessa
D:5:      minmay_skewed_foursquare, layout_rooms, grunt_temple_overflow_open,
          uniq_pikel, uniq_menkaure, uniq_sigmund
D:6:      layout_basic, hangedman_decor_opposing

Skill      XL: |  1 |
---------------+----+-----
Fighting       | 1 |  1.2
Dodging        | 3 |  3.2
Unarmed Combat | |  2.4
Shapeshifting  | |  4.6

Action                     || total
---------------------------++-------
  Melee: Unarmed           ||    38
 Armour: Animal skin       ||    16
  Dodge: Dodged            ||    40

Table legend: (Time is in decaauts)
 A = Elapsed time spent in this place.
 B = Non-inter-level travel time spent in this place.
 C = Inter-level travel time spent in this place.
 D = Time resting spent in this place.
 E = Time spent auto-exploring this place.
 F = Levels seen in this place.
 G = Mean time per level.
                   A        B        C        D        E       F      G
               +--------+--------+--------+--------+--------+-----+--------+
         Total |    642 |    642 |      0 |      0 |    327 |   6 |  107.0 |
       Dungeon |    642 |    642 |      0 |      0 |    327 |   6 |  107.0 |
               +--------+--------+--------+--------+--------+-----+--------+

Top non-repeatable levels by time:
     D:1: 292 daAuts
     D:4: 113 daAuts
     D:6: 96 daAuts
     D:5: 55 daAuts
     D:3: 44 daAuts
     D:2: 39 daAuts
